 Dungeon Crawl Stone Soup version 0.30-a0-696-g2367cd04db (webtiles) character file.

Game seed: 6951862215506636963

7 wormed the Caller (level 1, 7/13 HPs)
             Began as a Demonspawn Summoner on Jan 20, 2023.
             Got out of the dungeon alive.
             The game lasted 00:00:33 (142 turns).

wormed the Caller (Demonspawn Summoner)              Turns: 142, Time: 00:00:33

Health: 7/13       AC:  2    Str:  8    XL:     1   Next: 83%
Magic:  1/3        EV: 12    Int: 16    God:
Gold:   0          SH:  0    Dex: 13    Spells: 3/4 levels left

rFire   . . .      SeeInvis .    (no weapon)
rCold   . . .      Faith    .    (no shield)
rNeg    . . .      Spirit   .    a - +0 robe
rPois   .          Reflect  .    (no helmet)
rElec   .          Harm     .    (no cloak)
rCorr   .          Rampage  .    (no gloves)
Will    .....                    (no boots)
Stlth   ++                       (no amulet)
HPRegen 0.22/turn                (no ring)
MPRegen 0.08/turn                (no ring)

@: no status effects
A: no striking features
a: no special abilities


You escaped.
You visited 1 branch of the dungeon, and saw 1 of its levels.

Inventory:

Armour
 a - a +0 robe (worn)
Potions
 b - a potion of magic


   Skills:
 - Level 1.7 Dodging
 - Level 1.7 Stealth
 + Level 2.1 Spellcasting
 + Level 0.6 Hexes
 + Level 4.1 Summonings


You had 3 spell levels left.
You knew the following spells:

 Your Spells              Type           Power      Damage    Failure   Level
a - Summon Small Mammal   Summ           56%        N/A       3%          1

Your spell library contained the following spells:

 Spells                   Type           Power      Damage    Failure   Level
 Call Imp                 Summ           14%        N/A       5%          2
 Call Canine Familiar     Summ           14%        N/A       11%         3
 Summon Guardian Golem    Hex/Summ       9%         N/A       22%         3
 Summon Lightning Spire   Summ/Air       8%         N/A       65%         4


Dungeon Overview and Level Annotations

Branches:
Dungeon (1/15)

Altars:


Message History

The jackal bites you but does no damage.
Your quokka bites the endoplasm.
The endoplasm dies!
Your quokka bites the rat.
The jackal barely misses you. The rat barely misses your quokka.
The jackal attacks as you move away! The jackal bites you.
Your quokka bites the rat.
The rat dies!
Casting: Summon Small Mammal (safe; 3% risk of failure)
Confirm with . or Enter, or press ? or * to list all spells.
The jackal barely misses you. The kobold misses your quokka.
Casting: Summon Small Mammal (safe; 3% risk of failure)
Confirm with . or Enter, or press ? or * to list all spells.
Your quokka disappears in a puff of smoke!
The jackal bites you but does no damage.
The jackal bites you. The kobold hits you with a +0 whip.
The kobold hits your rat with a +0 whip.
Your rat dies!
Your rat's corpse disappears in a puff of smoke!
There is an open door here.
The jackal barely misses you.
There's a creature in the doorway!
The jackal attacks as you move away! The jackal completely misses you.
Your quokka barely misses the jackal.
The kobold hits your quokka with a +0 whip.
The jackal attacks as you move away! The jackal barely misses you.
The jackal barely misses you.
Your quokka closely misses the kobold.
The jackal bites you. The jackal attacks as you move away!
The jackal bites you but does no damage.
The jackal closely misses you.
Your quokka misses the kobold. The jackal attacks as you move away!
The jackal closely misses you.
The jackal bites you but does no damage.
The kobold throws a stone.
The stone hits your quokka but does no damage.
There is a staircase leading out of the dungeon here.
Are you sure you want to leave the Dungeon?
This will make you lose the game! The jackal bites you.
The kobold throws a stone.
The stone barely misses your quokka.
The stone hits the jackal.
You have escaped!

#######.....#
#.....#.....# ### ###
+.....'.....+ ##.####.##
#....K##....# ##...##.#'#
#.....##......
#.....'##.###....r######.#
##...###...##.......# ..
##'###.....###K....# #
#.+....@h.r.......#
##'###...K.##......#
##...###...####.....#
#.....'##(#####.....#
##...##.#'##........#
##.####.###.....#### ###
### #.....# #.....#
#######


You could see a jackal (ally target), 2 kobolds and a friendly quokka
(summoned).

Vanquished Creatures
  A goblin (D:1)
1 creature vanquished.

Vanquished Creatures (collateral kills)
  An endoplasm (D:1)
  A goblin (D:1)
  A bat (D:1)
  A frilled lizard (D:1)
  2 rats (D:1)
6 creatures vanquished.

Grand Total: 7 creatures vanquished

Notes
Turn   | Place    | Note
-------+----------+-------------------------------------------
     0 | D:1      | wormed the Demonspawn Summoner began the quest for the Orb.
     0 | D:1      | Reached XP level 1. HP: 13/13 MP: 3/3
   142 | D:$      | Got out of the dungeon alive.

Illustrated notes

Levels and vault maps discovered:
D:1:      dpeg_arrival_rhombi, layout_basic, serial_shops, nicolae_shop_trees,
          kennysheep_crisscross

Action                   || total
-------------------------++-------
Melee: Unarmed           ||     3
 Cast: Summon Small Mamm ||     8
Armor: Robe              ||     6
Dodge: Dodged            ||    13

Table legend: (Time is in decaauts)
 A = Elapsed time spent in this place.
 B = Non-inter-level travel time spent in this place.
 C = Inter-level travel time spent in this place.
 D = Time resting spent in this place.
 E = Time spent auto-exploring this place.
 F = Levels seen in this place.
 G = Mean time per level.
                   A        B        C        D        E       F      G
               +--------+--------+--------+--------+--------+-----+--------+
         Total |    142 |    142 |      0 |      0 |     90 |   1 |  142.0 |
       Dungeon |    142 |    142 |      0 |      0 |     90 |   1 |  142.0 |
               +--------+--------+--------+--------+--------+-----+--------+

Top non-repeatable levels by time:
     D:1: 142 daAuts
